 Dungeon Crawl Stone Soup version 0.30-a0-304-gdc4b735fe1 (webtiles) character file.

Game seed: 10538759558759275906

106 IdlyInterested the Poker (level 4, -2/35 HPs)
             Began as a Demonspawn Wanderer on Oct 20, 2022.
             Slain by Grinder (5 damage)
             ... on level 3 of the Dungeon.
             The game lasted 00:06:57 (2417 turns).

IdlyInterested the Poker (Demonspawn Wanderer)      Turns: 2417, Time: 00:06:58

Health: -2/35      AC:  9    Str: 15    XL:     4   Next: 55%
Magic:  13/13      EV:  9    Int: 10    God:
Gold:   74         SH:  0    Dex: 15    Spells: 3/3 levels left

rFire   + . .      SeeInvis .    a - +2 spear
rCold   + . .      Faith    .    (no shield)
rNeg    . . .      Spirit   .    k - +0 scale mail
rPois   +          Reflect  .    (no helmet)
rElec   +          Harm     .    (no cloak)
rCorr   +          Rampage  .    j - +1 pair of gloves
Will    .....                    (no boots)
Stlth   +.........               (no amulet)
HPRegen 0.25/turn                l - ring of magical power
MPRegen 0.13/turn                s - ring of poison resistance

@: mighty, resistant, flying
A: rugged brown scales 1, ignite blood 1, MP-powered wands
a: no special abilities


You were on level 3 of the Dungeon.
You visited 1 branch of the dungeon, and saw 3 of its levels.

You collected 74 gold pieces.

Inventory:

Hand Weapons
 a - a +2 spear (weapon)
 b - a +0 mace
Missiles
 g - 3 atropa-tipped darts (quivered)
 n - 5 boomerangs
Armour
 c - a +0 pair of gloves
 e - a +0 leather armour
 h - a +0 ring mail
 j - a +1 pair of gloves (worn)
 k - a +0 scale mail (worn)
 t - a +0 pair of gloves
Jewellery
 l - a ring of magical power (left hand)
 s - a ring of poison resistance (right hand)
Scrolls
 f - a scroll of teleportation
 r - a scroll of vulnerability
Potions
 o - a potion of mutation
 p - a potion of magic


   Skills:
 * Level 2.9 Fighting
 - Level 1.7 Maces & Flails
 + Level 4.1 Polearms
 + Level 3.4 Stealth
 - Level 1.0 Evocations


You had 3 spell levels left.
You didn't know any spells.
Your spell library was empty.

Dungeon Overview and Level Annotations

Branches:
Dungeon (3/15)

Altars:

Annotations:
D:3 Grinder


Innate Abilities, Weirdness & Mutations

You are partially covered in rugged brown scales. (AC +1, +3% HP)
Your demonic aura sometimes causes spilled blood to erupt in flames.
You expend magic power (3 MP) to strengthen your wands.


Message History

The gnoll is almost dead.
The gnoll hits you with a +0 whip.
You barely miss the gnoll.
The gnoll is almost dead.
The gnoll hits you with a +0 whip.
You completely miss the gnoll.
The gnoll is almost dead.
The gnoll hits you with a +0 whip!
* * * LOW HITPOINT WARNING * * *
Grinder blinks!
You hit the gnoll.
You kill the gnoll!
It was a potion of resistance.
You feel protected.
It was a potion of might.
You feel very mighty all of a sudden.
Items here: ))) †.
You hit Grinder.
Grinder is heavily wounded.
Grinder hits you but does no damage.
You hit Grinder.
Grinder is severely wounded.
You closely miss Grinder.
Grinder is severely wounded.
Grinder blinks!
It was a potion of flight.
You feel very buoyant.
You fly up into the air.
Things that are here:
a +0 spear; a gnoll corpse You barely miss Grinder.
Grinder is severely wounded.
Grinder hits you.
* * * LOW HITPOINT WARNING * * *
You writhe in agony.
* * * LOW HITPOINT WARNING * * *
You closely miss Grinder.
Grinder is severely wounded.
Grinder hits you.
You die... #.g . #.. .. #gg

... #g###..
#$...#
#...(+
###....#
#.5....#
#@##...# #)#
!..#
###.###+##
#.......#
#.#........
#.########.#
#..........#
####...#####
#...#


You could see Grinder.

Vanquished Creatures
  4 gnolls (D:3)
  A worm (D:2)
  2 dart slugs (D:1)
  6 bats
  5 endoplasms
  4 giant cockroaches
  5 goblins
  10 hobgoblins
  4 quokkas
  3 ball pythons
  A frilled lizard (D:1)
  7 kobolds
  A rat (D:2)
53 creatures vanquished.

Vanquished Creatures (others)
  21 plants (D:1)
21 creatures vanquished.

Grand Total: 74 creatures vanquished

Notes
Turn   | Place    | Note
-------+----------+-------------------------------------------
     0 | D:1      | IdlyInterested the Demonspawn Wanderer began the quest for
                  | the Orb.
     0 | D:1      | IdlyInterested set off with the following items: a +2
                  | spear, a +0 mace, a +0 pair of gloves, a potion of curing,
                  | a +0 leather armour.
     0 | D:1      | Reached XP level 1. HP: 13/13 MP: 1/1
    68 | D:1      | Reached skill level 1 in Fighting
    92 | D:1      | Gained mutation: Your demonic aura sometimes causes spilled
                  | blood to erupt in flames. [demonic ancestry]
    92 | D:1      | Reached XP level 2. HP: 12/21 MP: 2/2
   558 | D:1      | Reached XP level 3. HP: 24/27 MP: 3/3
  1530 | D:2      | Gained mutation: You expend magic power (3 MP) to
                  | strengthen your wands. [potion of mutation]
  1764 | D:2      | Reached skill level 4 in Polearms
  2365 | D:3      | Noticed Grinder
  2381 | D:3      | Gained mutation: You are partially covered in rugged brown
                  | scales. (AC +1, +3% HP) [demonic ancestry]
  2381 | D:3      | Reached XP level 4. HP: 15/35 MP: 4/4
  2417 | D:3      | Slain by Grinder

Illustrated notes

Levels and vault maps discovered:
D:1:      saegor_arrival_simple_b, layout_loops_ring, serial_bayou,
          serial_bayou_lagoon_b, serial_bayou_lake_a, serial_bayou_crossing,
          minmay_octomino_c4
D:2:      layout_basic
D:3:      layout_basic, minmay_pentomino_pile, uniq_ijyb, uniq_grinder

Skill      XL: |  1  2  3 |
---------------+----------+-----
Fighting       | 1 2 |  2.9
Stealth        | 3 |  3.4
Polearms       | 4 |  4.1
Maces & Flails | |  1.7
Evocations     | |  1.0

Action                   |  1- 3 |  4- 6 || total
-------------------------+-------+-------++-------
Melee: Spear             |   176 |    27 ||   203
       Punch             |       |     1 ||     1
  Use: Scroll            |     7 |       ||     7
       Potion            |     1 |     4 ||     5
 Stab: Sleeping          |     1 |       ||     1
Armor: Leather armour    |    10 |       ||    10
       Scale mail        |    61 |     3 ||    64
       Skin              |     1 |       ||     1
Dodge: Dodged            |    56 |     4 ||    60

Table legend: (Time is in decaauts)
 A = Elapsed time spent in this place.
 B = Non-inter-level travel time spent in this place.
 C = Inter-level travel time spent in this place.
 D = Time resting spent in this place.
 E = Time spent auto-exploring this place.
 F = Levels seen in this place.
 G = Mean time per level.
                   A        B        C        D        E       F      G
               +--------+--------+--------+--------+--------+-----+--------+
         Total |   2480 |   2004 |    476 |     70 |   1296 |   3 |  826.7 |
       Dungeon |   2480 |   2004 |    476 |     70 |   1296 |   3 |  826.7 |
               +--------+--------+--------+--------+--------+-----+--------+

Top non-repeatable levels by time:
     D:1: 1556 daAuts
     D:2: 848 daAuts
     D:3: 75 daAuts
